Map: Templo óseo EE

Players

Dxs - Winner!

  • Race: Terran Terran
  • League: Gold
  • Spawn Location: 1:00

Cou - Winner!

  • Race: Terran Terran
  • League: Platinum
  • Spawn Location: 12:00

dro - Winner!

  • Race: Terran Terran
  • League: Bronze
  • Spawn Location: 3:00

MrFercho

  • Race: Zerg Zerg
  • League: Silver
  • Spawn Location: 7:00

tigro

  • Race: Terran Terran
  • League: Bronze
  • Spawn Location: 7:00

TATORREA

  • Race: Protoss Protoss
  • League: Gold
  • Spawn Location: 6:00

VOD

Have the link to the VOD?

Description

Time

  • Played on: July 3, 2020, 11:36 p.m.
  • Length: 23:48
Show
View Real Time Build Order
Export as new Build Order

Dxs Terran - Winner!

Build Orders: 2 Factory 

Get SALT Encoding   

  12  0:02  SCV  
  13  0:14  SCV  
  13  0:18  Refinery  
  14  0:27  Supply Depot  
  14  0:29  SCV  
  15  0:49  SCV  
  16  0:50  Barracks  
  16  1:00  Refinery  
  16  1:01  SCV  
  17  1:13  SCV  
  18  1:28  SCV  
  19  1:44  Command Center, Barracks Tech Lab  
  19  1:46  SCV  
  20  1:58  SCV  
  20  2:00  Supply Depot  
  21  2:08  Engineering Bay  
  21  2:12  SCV  
  22  2:26  SCV  
  23  2:42  Orbital Command  
  23  2:48  Marauder  
  23  2:49  Concussive Shells  
  25  2:58  Factory  
  25  3:00  Factory  
  25  3:02  SCV  
  26  3:10  Missile Turret  
  26  3:11  SCV  
  27  3:22  Orbital Command  
  27  3:29  SCV  
  28  3:35  Missile Turret  
  28  3:41  SCV  
  29  3:42  Factory Tech Lab  
  29  3:43  Factory Tech Lab  
  29  3:52  SCV, Starport  
  30  3:59  Refinery  
  30  4:00  SCV, Refinery  
  31  4:13  Supply Depot  
  31  4:14  Supply Depot  
  31  4:23  Armory  
  31  4:27  Armory  
  31  4:33  Siege Tank  
  31  4:34  Siege Tank  
  37  4:38  Starport Tech Lab  
  37  4:42  SCV x2  
  39  4:54  SCV x2  
  41  5:00  Liberator  
  44  5:11  Armory  
  44  5:26  Fusion Core  
  44  5:28  Supply Depot  
  44  5:30  Supply Depot  
  44  5:33  SCV x2  
  44  5:34  Siege Tank  
  49  5:37  Siege Tank  
  52  5:51  Liberator  
  52  5:54  SCV x2  
  57  6:06  SCV  
  57  6:07  SCV  
  57  6:09  Terran Vehicle Weapons Level 1, Terran Vehicle And Ship Armor Level 1  
  59  6:50  Advanced Ballistics  
  59  6:52  Terran Ship Weapons Level 1  
  59  6:54  SCV x2  
  61  7:06  SCV x2  
  63  7:18  SCV  
  63  7:19  SCV  
  65  7:30  Starport  
  65  7:33  Starport  
  65  7:46  Starport  
  65  8:09  Weapon Refit  
  65  8:11  Starport Tech Lab x2  
  47  9:15  Orbital Command  
  44  9:28  Starport Tech Lab  
  44  9:29  Starport Tech Lab  
  44  9:30  Starport Tech Lab  
  44  10:39  Refinery  
  44  10:44  Armory  
  44  11:12  Supply Depot  
  44  11:13  Supply Depot x2  
  44  11:14  Supply Depot  
  44  11:15  Supply Depot x2  
  44  11:16  Supply Depot  
  44  11:18  Supply Depot  
  44  11:39  Battlecruiser x2  
  62  11:40  Battlecruiser  
  62  11:41  Battlecruiser  
  68  11:48  Supply Depot x2, Thor x2  
  68  11:49  Supply Depot  
  68  11:50  Supply Depot  
  68  11:51  Supply Depot  
  68  11:52  Supply Depot  
  68  11:53  Supply Depot  
  80  11:54  Supply Depot  
  80  12:05  Terran Vehicle Weapons Level 2, Terran Vehicle And Ship Armor Level 2  
  80  12:18  SCV x2  
  82  12:30  SCV x2  
  62  14:24  Starport Tech Lab  
  62  14:25  Starport Tech Lab  
  62  15:24  Command Center  
  62  15:25  Refinery  
  62  15:31  Refinery  
  62  15:36  Battlecruiser x2  
  62  15:37  Battlecruiser  
  62  15:38  Battlecruiser  
  86  16:07  Thor x2  
  77  17:34  Battlecruiser x2  
  89  17:54  Planetary Fortress  
  89  18:36  SCV x3  
  92  18:48  SCV  
  93  18:49  SCV x2  
  86  19:00  SCV  
  86  19:01  SCV x2  
  89  19:08  Missile Turret  
  89  19:10  Missile Turret x2  
  89  19:12  SCV, Missile Turret x2  
  89  19:13  SCV x2  
  92  19:18  Battlecruiser x2  
  104  19:24  SCV  
  104  19:25  SCV x2  
  107  19:31  Missile Turret  
  107  19:32  Missile Turret  
  107  19:33  Missile Turret  
  107  19:34  Missile Turret  
  83  21:24  Battlecruiser x2  
Show
View Real Time Build Order
Export as new Build Order

Cou Terran - Winner!

Build Orders: 2 Factory 

Get SALT Encoding   

  12  0:01  SCV  
  13  0:16  Supply Depot  
  13  0:18  SCV  
  14  0:26  Refinery  
  14  0:30  SCV  
  15  0:42  SCV  
  16  0:49  Barracks  
  16  0:55  SCV  
  17  1:07  SCV  
  18  1:19  SCV  
  19  1:31  SCV  
  20  1:45  Command Center  
  20  1:46  SCV  
  21  1:57  Factory  
  21  2:02  Orbital Command  
  21  2:11  Refinery  
  21  2:29  SCV  
  22  2:32  Barracks Tech Lab  
  22  2:44  Factory  
  22  2:46  Starport  
  22  2:51  SCV, Engineering Bay  
  22  2:57  Orbital Command  
  23  3:04  Refinery  
  23  3:06  SCV  
  23  3:11  Hellion  
  26  3:18  SCV  
  27  3:32  Medivac  
  31  3:34  Missile Turret, Widow Mine  
  31  3:39  SCV  
  31  3:40  SCV  
  33  3:50  Supply Depot  
  33  3:51  SCV  
  34  3:57  Armory  
  34  3:58  Hellion  
  38  4:03  Hellion  
  38  4:11  Missile Turret  
  38  4:13  SCV x2  
  40  4:22  Factory Tech Lab  
  40  4:25  SCV x2, Factory Tech Lab  
  42  4:44  Cyclone  
  45  4:53  Supply Depot  
  45  4:54  Supply Depot  
  45  4:55  Supply Depot  
  45  4:56  Supply Depot  
  45  4:57  Supply Depot  
  45  4:58  Terran Vehicle And Ship Armor Level 1  
  45  5:02  SCV  
  46  5:14  SCV x2, Cyclone  
  45  5:31  Hellion  
  45  5:33  Infernal Pre-Igniter  
  47  5:42  Missile Turret  
  47  5:45  SCV  
  47  5:46  SCV  
  47  5:47  Hellion  
  51  5:53  Hellion  
  53  5:58  SCV x2  
  55  6:08  Hellion  
  55  6:10  SCV, Mag-Field Accelerator  
  56  6:22  Factory  
  56  6:25  SCV  
  56  6:26  SCV  
  56  6:27  Factory  
  56  6:32  Command Center  
  58  6:38  SCV x2  
  60  6:55  Widow Mine x2  
  60  6:57  SCV  
  60  6:58  SCV  
  66  7:01  Refinery  
  66  7:10  SCV x2  
  66  7:13  Factory Tech Lab  
  66  7:15  Cyclone  
  71  7:16  Cyclone  
  71  7:17  Cyclone  
  77  7:27  Factory  
  77  7:29  Factory  
  77  7:30  Factory  
  77  7:32  Factory  
  77  7:47  Cyclone  
  74  8:18  Factory Tech Lab x2  
  74  8:19  Factory Tech Lab x2  
  72  8:41  Hellion x6  
  84  8:42  Hellion x2  
  77  9:58  Cyclone x8  
  79  10:30  Cyclone x2  
  79  10:31  Cyclone x4  
  97  10:44  Hellion  
  99  10:53  Supply Depot x2  
  99  10:55  Supply Depot  
  99  10:56  Supply Depot  
  99  10:57  Supply Depot  
  99  10:58  SCV x2  
  99  10:59  Supply Depot  
  101  11:15  SCV x2, Hellion x7  
  111  11:27  SCV x2  
  110  11:39  SCV x2  
  97  11:51  SCV x2  
  99  12:06  Cyclone x7  
  99  12:07  Cyclone  
  123  12:10  Orbital Command, Refinery  
  123  12:12  Refinery  
  123  12:38  Hellion x2, Cyclone x2  
  123  12:39  Hellion x4  
  123  12:40  Supply Depot x2  
  123  12:41  Supply Depot  
  123  12:43  Supply Depot x2  
  123  12:44  Supply Depot  
  141  12:45  Terran Vehicle And Ship Armor Level 2  
  139  13:00  Hellion x2  
  114  13:42  Cyclone x3  
  114  13:43  Cyclone x5  
  125  14:14  Cyclone  
  125  14:15  Hellion x6  
  125  14:16  Hellion  
  142  14:36  Cyclone x6  
  149  15:17  Cyclone  
  149  15:18  Cyclone x3  
  161  15:23  Missile Turret  
  142  16:36  Cyclone x4  
  142  16:37  Cyclone x4  
  166  16:42  Supply Depot  
  166  16:43  Supply Depot x3  
  166  16:44  Supply Depot  
  163  17:02  Command Center  
  163  17:08  Cyclone  
  152  17:18  Command Center  
  130  17:47  Hellion x6  
  130  17:48  Hellion x2  
  141  18:08  Hellion x4  
  141  18:09  Hellion x4, Refinery  
  157  18:16  Refinery  
  157  18:22  Drilling Claws, Smart Servos  
  157  18:25  Terran Vehicle And Ship Armor Level 3  
  157  18:29  Hellion  
  157  18:30  Hellion x5  
  169  18:38  Armory  
  135  20:31  Hellion x5  
  122  21:11  Cyclone x7  
  131  21:12  Cyclone  
  146  21:43  Cyclone x6  
  146  21:44  Cyclone x2  
  164  22:43  Thor x5  
  164  22:44  Thor  
  197  23:04  Command Center  
  197  23:07  Refinery  
Show
View Real Time Build Order
Export as new Build Order

dro Terran - Winner!

Build Orders:  

Get SALT Encoding   

  12  0:02  SCV  
  13  0:16  SCV  
  14  0:22  Supply Depot  
  15  0:28  SCV  
  15  0:33  Refinery  
  15  0:44  SCV  
  16  0:56  Barracks  
  16  1:00  SCV  
  17  1:18  SCV  
  18  1:30  SCV  
  19  1:42  SCV  
  19  1:45  Marine  
  21  1:53  Command Center  
  21  2:03  Marine  
  22  2:09  Barracks  
  22  2:14  Factory  
  22  2:23  Refinery  
  22  2:26  Orbital Command  
  22  2:31  Barracks Reactor  
  22  2:59  Factory Tech Lab  
  22  3:06  Barracks Reactor  
  22  3:09  Marine x2  
  24  3:13  SCV  
  25  3:20  Siege Tank  
  28  3:34  Starport  
  28  3:44  Starport  
  28  3:49  SCV  
  28  3:51  SCV  
  28  3:53  Marine x4  
  34  4:04  SCV  
  35  4:10  Marine  
  35  4:11  Marine x2  
  38  4:19  Engineering Bay  
  38  4:26  Supply Depot  
  38  4:47  Medivac x2, Marine x4  
  38  4:49  Supply Depot  
  46  4:54  Missile Turret  
  46  5:00  Missile Turret  
  46  5:01  Missile Turret  
  46  5:11  SCV  
  46  5:13  Marine  
  46  5:14  Marine x3  
  51  5:25  Starport Reactor  
  51  5:26  Starport Reactor  
  51  5:31  Marine x2  
  51  5:32  Marine  
  54  5:48  Supply Depot  
  54  6:10  SCV x2  
  56  6:11  Supply Depot  
  56  6:13  Marine x2  
  56  6:14  Marine x2  
  60  6:21  Viking  
  62  6:33  Viking x2, SCV x2  
  62  6:38  Armory  
  68  6:45  SCV  
  49  7:13  Viking x4  
  57  7:15  Marine  
  57  7:16  Marine x3  
  57  7:19  SCV  
  62  7:26  Armory  
  62  7:27  SCV  
  63  7:33  Marine  
  64  7:39  SCV  
  65  7:47  Viking  
  65  7:51  SCV, Command Center  
  68  8:16  SCV  
  69  8:25  Refinery  
  69  8:27  Refinery  
  69  8:28  SCV  
  70  8:55  Terran Vehicle Weapons Level 1  
  70  8:57  Terran Vehicle And Ship Armor Level 1  
  70  9:01  Terran Infantry Weapons Level 1  
  70  9:03  Viking x2, SCV, Marine x4  
  79  9:15  SCV  
  80  9:20  Marine  
  80  9:25  Marine x3  
  80  9:38  Marine  
  80  9:43  Marine x3  
  77  9:58  Marine  
  75  10:00  Siege Tank  
  75  10:01  Marine  
  75  10:02  Marine x2  
  68  10:15  Marine  
  68  10:18  Marine  
  68  10:19  Marine  
  68  10:20  Marine  
  72  10:27  SCV  
  73  10:32  Viking x2  
  77  10:47  Supply Depot  
  77  11:02  Factory  
  77  11:08  Viking x2, Marine x3  
  77  11:09  SCV  
  77  11:10  Supply Depot  
  85  11:12  Factory  
  85  11:25  Terran Vehicle Weapons Level 2  
  85  11:32  Viking, SCV x2, Marine x2, Supply Depot  
  93  11:41  Viking x2  
  93  11:48  SCV x2  
  93  11:52  Marine  
  93  11:53  Viking  
  93  12:00  SCV x2  
  91  12:02  Viking  
  93  12:10  Terran Vehicle And Ship Armor Level 2  
  93  12:11  Viking x2  
  93  12:12  SCV  
  98  12:16  SCV  
  98  12:22  Refinery  
  99  12:23  Viking  
  99  12:27  Refinery  
  101  12:33  Command Center  
  101  12:42  Supply Depot  
  101  12:47  Factory Tech Lab  
  101  12:49  Factory Tech Lab  
  101  13:03  Viking x3  
  101  13:04  SCV x2  
  101  13:05  Supply Depot  
  109  13:26  Viking, SCV, Marine x2  
  114  13:28  Supply Depot  
  114  13:33  Viking  
  107  13:44  Marine x2  
  109  13:50  Barracks  
  109  13:52  Supply Depot  
  109  14:02  Marine x2  
  89  14:17  Viking x4  
  89  14:20  Marine x2  
  97  14:28  Terran Vehicle Weapons Level 3  
  97  14:30  Terran Vehicle And Ship Armor Level 3  
  97  14:37  Marine  
  97  14:38  Marine  
  99  14:42  SCV  
  100  14:47  Viking x2  
  104  14:55  SCV, Marine x2  
  108  15:07  SCV  
  108  15:09  Viking x2  
  108  15:13  Marine x2  
  114  15:17  Viking  
  114  15:19  SCV  
  117  15:25  Thor  
  117  15:26  Thor x2  
  135  15:31  SCV  
  128  15:51  Viking x2  
  128  15:52  Viking x2  
  136  16:08  Thor  
  142  16:21  Viking x2  
  142  16:22  Viking  
  148  16:49  Marine x2  
  148  16:50  Viking  
  148  16:53  Viking x2  
  142  17:07  Marine x2  
  132  17:25  Marine x2  
  134  17:34  Viking x4  
  142  17:43  Marine x2  
  140  17:52  Thor  
  146  18:00  SCV  
  146  18:04  SCV  
  148  18:09  Refinery  
  148  18:12  Refinery  
  148  18:31  Supply Depot  
  148  18:53  Viking x3, SCV x2  
  148  18:54  Supply Depot  
  156  19:12  Viking, SCV x2  
  156  19:13  Thor  
  156  19:14  Thor  
  156  19:15  Thor  
  156  19:16  Supply Depot  
  156  19:23  Viking x3  
  156  19:24  SCV  
  151  19:28  Marine  
  151  19:29  Marine x3  
  143  19:36  SCV  
  144  19:39  Supply Depot  
  144  19:41  Viking  
  146  19:46  Marine x2  
  146  19:47  Marine x2  
  150  19:53  Viking x3  
  150  19:58  Thor x2  
  168  20:00  Thor  
  168  20:01  Supply Depot  
  168  20:04  Marine x3  
  168  20:05  Marine  
  178  20:10  Supply Depot  
  178  20:11  Viking  
  180  20:22  Marine x4  
  180  20:23  Viking x2, Supply Depot  
  188  20:32  Viking  
  188  20:33  Supply Depot  
  190  20:41  Thor  
  196  20:45  Viking  
  198  20:50  Command Center  
  198  20:53  Viking  
  198  20:56  Supply Depot  
  198  21:19  Supply Depot  
  198  21:43  Supply Depot  
  198  22:06  Supply Depot  
  198  22:29  Supply Depot  
  198  22:52  Supply Depot  
  198  22:53  Viking  
  200  23:14  Supply Depot  
Show
View Real Time Build Order
Export as new Build Order

MrFercho Zerg 

Build Orders: Pool First 

Get SALT Encoding   

  12  0:01  Drone  
  13  0:14  Overlord  
  13  0:18  Drone  
  14  0:32  Drone x2  
  16  0:38  Drone  
  17  0:43  Extractor  
  16  0:52  Spawning Pool  
  15  1:02  Drone  
  15  1:03  Drone  
  17  1:08  Drone  
  18  1:20  Overlord  
  18  1:38  Hatchery  
  17  1:45  Metabolic Boost  
  17  1:46  Drone  
  18  1:48  Drone  
  18  1:51  Drone  
  20  2:03  Queen  
  20  2:07  Drone  
  23  2:12  Drone, Extractor  
  23  2:24  Drone  
  24  2:36  Drone  
  25  2:42  Lair  
  25  2:45  Drone  
  26  2:52  Baneling Nest  
  26  2:57  Evolution Chamber, Drone x2  
  26  3:03  Drone  
  27  3:10  Drone  
  27  3:11  Drone  
  29  3:16  Drone  
  29  3:19  Queen  
  30  3:21  Drone  
  30  3:25  Zergling x2  
  30  3:26  Zergling x2  
  35  3:34  Zerg Ground Armor Level 1  
  35  3:43  Drone  
  35  3:44  Overlord  
  36  3:49  Extractor  
  36  3:50  Drone  
  36  3:51  Drone, Extractor  
  36  4:06  Drone x2  
  36  4:07  Drone x3  
  41  4:17  Centrifical Hooks  
  41  4:33  Zergling x2  
  41  4:34  Zergling x4  
  41  4:36  Overlord x3  
  44  4:58  Hatchery  
  43  5:01  Zergling x10, Evolution Chamber  
  47  5:10  Drone  
  47  5:11  Drone x3  
  42  5:32  Drone x6  
  48  5:36  Zerg Melee Weapons Level 1  
  48  5:51  Nydus Network  
  48  5:52  Overseer  
  45  6:10  Zergling x14  
  52  6:14  Baneling x5  
  52  6:20  Overseer  
  52  6:28  Pneumatized Carapace  
  52  6:31  Zergling x8  
  56  6:37  Baneling  
  56  6:48  Spine Crawler  
  56  6:50  Spine Crawler  
  54  7:14  Zergling x2  
  54  7:15  Zergling x16  
  51  8:13  Nydus Canal  
  51  8:20  Zergling x18  
  37  9:12  Zerg Melee Weapons Level 2  
  37  9:15  Drone  
  37  9:16  Drone x8  
  29  9:41  Drone  
  29  9:42  Drone x5  
  35  10:02  Drone x3  
  38  10:35  Drone x9  
  47  10:51  Hydralisk Den  
  46  11:02  Drone x4  
  50  11:12  Zergling x12  
  56  12:03  Hydralisk x9  
  74  12:32  Overlord  
  74  12:33  Overlord x9  
  68  13:06  Hydralisk x8  
  68  13:11  Muscular Augments  
  84  13:19  Zerg Missile Weapons Level 1  
  84  13:33  Hatchery  
  83  13:41  Nydus Canal  
  83  13:46  Hydralisk x2  
  83  13:47  Hydralisk  
  59  14:22  Grooved Spines  
  46  14:27  Drone  
  46  14:28  Drone x13  
  60  14:36  Spire  
  60  14:37  Zerg Ground Armor Level 2  
  59  14:52  Drone x5  
  64  14:53  Drone x2  
  64  14:58  Drone x2  
  68  15:01  Extractor  
  68  15:04  Extractor  
  66  15:09  Hydralisk x2  
  70  15:17  Lurker Den  
  69  15:23  Hydralisk  
  69  15:24  Hydralisk x3  
  69  15:25  Hydralisk  
  79  15:36  Hydralisk x3  
  79  15:37  Infestation Pit  
  79  15:42  Hydralisk x3  
  90  15:59  Hydralisk x5  
  100  16:12  Hatchery  
  100  16:15  Hive  
  99  16:19  Lurker x4  
  100  17:01  Lurker x9  
  94  17:46  Mutalisk x21  
  94  17:47  Mutalisk x4  
  144  17:57  Drone  
  144  17:58  Drone x3  
  148  18:11  Drone x4  
  148  18:12  Drone x6  
  158  18:13  Overlord  
  151  18:48  Corruptor x9  
  148  19:03  Corruptor x5  
  134  19:28  Seismic Spines  
  130  19:45  Greater Spire  
  122  20:25  Adaptive Talons  
  98  20:30  Corruptor x15  
  114  20:43  Spore Crawler  
  114  20:47  Corruptor x3  
  67  21:21  Brood Lord x4  
  67  21:51  Hatchery  
  66  22:00  Brood Lord  
  66  22:01  Brood Lord  
  70  22:04  Zergling x2  
  70  22:05  Zergling x16  
  79  22:13  Overseer  
  70  22:56  Hatchery  
  53  23:01  Extractor x2  
  53  23:02  Extractor  
  53  23:05  Extractor  
  49  23:07  Hydralisk x9  
Show
View Real Time Build Order
Export as new Build Order

tigro Terran 

Build Orders:  

Get SALT Encoding   

  12  0:03  SCV  
  13  0:15  SCV  
  14  0:27  SCV  
  15  0:33  Supply Depot  
  15  0:35  Refinery  
  15  0:55  SCV  
  16  1:01  Barracks  
  16  1:03  Supply Depot  
  16  1:10  SCV  
  17  1:19  Refinery  
  17  1:22  SCV  
  18  1:34  SCV  
  19  1:46  SCV  
  20  1:50  Marine  
  21  1:58  SCV  
  22  2:08  Marine, Barracks  
  22  2:10  SCV  
  24  2:22  SCV  
  25  2:25  Engineering Bay  
  25  2:26  Marine  
  26  2:35  Orbital Command  
  26  2:44  Marine  
  27  2:57  Factory  
  27  2:58  Barracks Reactor  
  27  3:01  Marine  
  28  3:15  Terran Infantry Weapons Level 1  
  28  3:20  Barracks Tech Lab  
  28  3:58  Factory Tech Lab  
  28  4:00  Combat Shield  
  28  4:15  Command Center  
  28  4:29  Command Center  
  28  4:30  Marine  
  28  4:31  Marine x2  
  31  4:42  Siege Tank  
  34  4:48  Marine x2  
  36  5:10  Terran Infantry Armor Level 1  
  36  5:11  Missile Turret  
  36  5:19  Stimpack  
  36  5:30  Refinery  
  36  5:41  SCV  
  37  5:43  Refinery  
  37  5:49  SCV, Missile Turret  
  38  5:53  SCV  
  39  6:01  SCV  
  40  6:05  SCV  
  40  6:10  Missile Turret  
  41  6:13  SCV  
  41  6:15  Siege Tank  
  41  6:18  SCV  
  46  6:30  SCV  
  47  6:37  Starport  
  47  6:47  Siege Tank  
  47  6:49  Refinery  
  47  6:52  Missile Turret  
  50  6:57  SCV  
  51  7:09  SCV  
  51  7:14  Starport  
  52  7:21  SCV  
  52  7:22  Medivac  
  55  7:26  Hi-Sec Auto Tracking  
  55  7:33  SCV  
  56  7:45  SCV  
  57  7:58  SCV  
  58  8:10  SCV  
  59  8:19  Marine x3  
  62  8:22  SCV  
  62  8:23  Neosteel Armor  
  63  8:30  Supply Depot  
  64  8:34  SCV, Fusion Core  
  64  8:36  Marine  
  64  8:37  Marine x2  
  67  8:53  Supply Depot  
  67  8:54  Marine  
  67  8:55  Marine x2  
  58  9:12  Marine x3  
  58  9:16  Supply Depot  
  60  9:23  Armory  
  60  9:28  Starport Tech Lab x2  
  60  9:30  Marine x3  
  63  9:48  Marine x3  
  66  9:58  Missile Turret  
  66  9:59  Battlecruiser  
  72  10:03  SCV  
  72  10:06  Marine x3  
  76  10:15  SCV  
  76  10:18  Missile Turret  
  77  10:23  Marine  
  77  10:24  Marine x2  
  77  10:27  SCV  
  81  10:38  Missile Turret  
  81  10:39  SCV  
  81  10:41  Marine x3  
  85  10:51  SCV  
  85  10:53  SCV  
  85  10:55  Refinery  
  85  10:56  Battlecruiser  
  93  10:59  Marine x3  
  93  11:00  Missile Turret  
  93  11:03  Battlecruiser  
  102  11:05  SCV  
  103  11:17  SCV, Marine  
  105  11:21  Missile Turret  
  105  11:29  SCV  
  105  11:41  SCV  
  94  11:47  Missile Turret  
  72  12:06  Weapon Refit  
  72  12:09  Terran Vehicle Weapons Level 1  
  72  12:11  Terran Infantry Weapons Level 2  
  72  12:15  SCV  
  73  12:27  Missile Turret  
  73  12:28  SCV  
  74  12:39  Marine x3  
  74  12:40  SCV  
  74  12:41  Medivac  
  74  12:42  Medivac  
  82  12:52  SCV  
  82  12:56  Marine  
  82  12:57  Marine x2  
  86  13:04  SCV  
  87  13:11  Battlecruiser  
  87  13:12  Battlecruiser  
  99  13:14  Marine x3  
  90  13:32  Marine x3  
  93  13:46  Rapid Reignition System  
  93  13:50  Marine x3  
  82  14:03  Terran Vehicle And Ship Armor Level 1  
  82  14:08  Marine x3  
  85  14:10  Thor  
  85  14:16  Battlecruiser x2  
  103  14:25  Marine  
  103  14:26  Marine x2  
  103  14:27  Terran Infantry Armor Level 2  
  106  14:33  Planetary Fortress  
  106  14:42  Missile Turret  
  106  14:43  Marine x2  
  106  14:44  Marine  
  100  15:01  Marine x3  
  100  15:03  Missile Turret  
  91  15:19  Marine x3  
  91  15:20  Battlecruiser x2  
  106  15:23  Missile Turret  
  100  15:37  Marine x3  
  100  15:44  Missile Turret  
  94  15:55  Marine  
  75  15:58  Terran Ship Weapons Level 1  
  75  16:02  Missile Turret  
  60  16:17  Missile Turret  
  57  16:22  Missile Turret  
  57  16:24  Battlecruiser, Marine x3  
  57  16:25  Battlecruiser  
  71  16:42  Marine x3  
  71  16:43  Terran Infantry Weapons Level 3, Missile Turret  
  74  16:59  Marine  
  74  17:00  Marine x2  
  73  17:04  Missile Turret  
  70  17:17  Marine  
  70  17:18  Marine x2  
  55  17:23  Missile Turret  
  55  17:28  Battlecruiser  
  55  17:29  Battlecruiser  
  66  17:35  Marine x3  
  69  17:42  Missile Turret  
  69  17:53  Marine x3  
  69  17:54  Planetary Fortress  
  72  18:11  Marine  
  73  18:33  Battlecruiser x2  
  85  18:38  Missile Turret  
  85  18:42  Marine  
  85  18:43  Marine x2  
  88  18:57  Missile Turret  
  88  19:00  Marine x3  
  91  19:18  Marine x3  
  91  19:20  Missile Turret  
  94  19:27  Orbital Command  
  94  19:40  Missile Turret  
  94  19:58  Marine  
  94  19:59  Marine  
  94  20:00  Missile Turret, Marine  
  94  20:01  Medivac  
  94  20:03  Battlecruiser  
  60  20:16  Marine  
  60  20:17  Marine x2  
  60  20:20  Missile Turret  
  62  20:31  Battlecruiser  
  62  20:34  Marine  
  62  20:35  Marine x2  
  56  20:41  Cyclone, Missile Turret  
  60  20:52  Marine x2  
  60  20:53  Marine  
  60  21:06  Missile Turret  
  60  21:07  Battlecruiser  
  60  21:10  Marine x2  
  60  21:11  Marine  
  68  21:13  Cyclone  
  64  21:27  Missile Turret, Marine  
  64  21:28  Marine  
  64  21:29  Marine  
  70  21:40  Battlecruiser  
  70  21:45  Marine  
  70  21:46  Cyclone, Marine x2  
  76  22:03  Marine  
  76  22:04  Marine x2  
  79  22:11  Medivac  
  54  22:21  Marine  
  54  22:22  Marine x2  
  39  22:39  Marine  
Show
View Real Time Build Order
Export as new Build Order

TATORREA Protoss 

Build Orders:  

Get SALT Encoding   

  12  0:01  Probe  
  13  0:13  Probe  
  14  0:22  Pylon  
  14  0:25  Probe  
  15  0:40  Probe  
  16  0:52  Probe  
  16  0:54  Gateway  
  17  1:01  Probe  
  17  1:05  Assimilator  
  17  1:08  Pylon  
  17  1:09  Probe  
  19  1:21  Probe  
  20  1:36  Probe  
  21  1:46  Assimilator  
  21  1:54  Probe  
  21  1:56  Nexus  
  21  1:57  Pylon  
  22  2:06  Cybernetics Core  
  22  2:08  Probe  
  23  2:16  Probe  
  24  2:24  Probe  
  25  2:33  Gateway  
  25  2:36  Probe  
  26  2:43  Warp Gate  
  26  2:44  Probe, Stalker  
  29  2:53  Probe  
  29  2:58  Robotics Facility  
  30  3:04  Probe  
  31  3:09  Probe, Pylon  
  32  3:14  Sentry  
  32  3:16  Probe  
  35  3:22  Stalker  
  35  3:25  Probe  
  38  3:30  Probe  
  39  3:37  Probe  
  39  3:38  Gateway  
  40  3:42  Stalker  
  40  3:43  Probe  
  40  3:48  Observer  
  44  3:57  Probe  
  44  3:59  Probe  
  46  4:09  Immortal  
  50  4:12  Probe x2  
  52  4:22  Forge  
  52  4:23  Twilight Council  
  52  4:24  Probe x2  
  52  4:31  Assimilator  
  54  4:36  Assimilator  
  54  4:39  Nexus  
  54  4:45  Pylon  
  54  4:47  Probe x2, Pylon  
  56  5:00  Probe x2  
  56  5:05  Protoss Ground Weapons Level 1  
  56  5:07  Immortal  
  62  5:14  Probe x2  
  63  5:18  Blink  
  64  5:30  Probe x2  
  66  5:44  Probe  
  66  5:45  Probe  
  66  5:47  Stalker x2, Pylon  
  72  5:52  Pylon  
  72  5:57  Pylon  
  72  6:05  Pylon  
  72  6:08  Immortal  
  72  6:10  Pylon  
  76  6:11  Stalker  
  76  6:12  Stalker  
  76  6:13  Stalker  
  82  6:23  Gateway  
  82  6:24  Probe x2  
  82  6:25  Probe  
  85  6:28  Gateway  
  85  6:42  Stalker x3  
  91  6:47  Observer  
  91  6:52  Photon Cannon  
  91  6:53  Protoss Shields Level 1  
  92  6:54  Photon Cannon  
  92  6:56  Photon Cannon  
  92  6:57  Shield Battery  
  92  7:05  Probe  
  92  7:06  Probe x2  
  95  7:18  Probe x3, Assimilator  
  95  7:22  Assimilator  
  98  7:29  Charge, Nexus  
  98  7:30  Probe x3  
  98  7:32  Stalker x2, Pylon  
  98  7:35  Pylon  
  105  7:40  Stalker x2  
  105  7:41  Stalker  
  111  7:54  Gateway  
  111  7:57  Gateway  
  111  8:02  Stalker x2  
  115  8:21  Stalker  
  115  8:22  Stalker x2  
  115  8:26  Immortal  
  125  8:43  Probe x3  
  125  8:47  Stalker x3  
  125  8:48  Stalker  
  134  9:15  Stalker x5  
  134  9:16  Stalker x2  
  148  9:17  Probe  
  148  9:18  Probe x3  
  71  10:24  Stalker x3  
  71  10:25  Stalker x4  
  71  10:27  Probe x2  
  71  10:28  Probe x2  
  88  10:38  Forge  
  88  10:40  Forge  
  88  10:48  Templar Archives  
  88  11:12  Stalker x2, Assimilator  
  88  11:13  Stalker x3  
  88  11:14  Stalker x2  
  88  11:18  Assimilator  
  71  11:48  Probe x3  
  74  11:57  Nexus  
  74  12:11  Nexus  
  74  12:14  Probe, Pylon  
  74  12:15  Probe x2, Protoss Shields Level 2  
  77  12:16  Protoss Ground Weapons Level 2  
  77  12:18  Pylon  
  77  12:21  Pylon  
  77  12:22  Protoss Ground Armor Level 1  
  77  12:25  Stalker, Pylon  
  77  12:26  Stalker x4  
  77  12:27  Stalker x2  
  77  12:29  Pylon  
  91  12:30  Immortal  
  91  12:34  Gateway  
  91  12:35  Gateway  
  95  12:37  Gateway  
  95  12:39  Gateway  
  95  12:41  Gateway  
  95  12:44  Gateway  
  95  13:10  Observer  
  86  13:15  Stalker x3  
  86  13:16  Stalker x4  
  74  13:44  Stalker  
  74  13:45  Stalker x4  
  74  13:46  Stalker x3  
  74  13:47  Stalker  
  74  13:57  Stalker  
  74  13:58  Stalker x3  
  70  14:14  Protoss Ground Armor Level 2  
  70  14:21  Gateway  
  70  14:22  Gateway  
  70  14:24  Gateway x2  
  70  14:25  Gateway  
  70  14:27  Stalker x2, Gateway  
  70  14:28  Stalker x5, Gateway  
  70  14:29  Stalker x3, Gateway  
  70  14:30  Stalker, Gateway  
  84  14:40  Nexus  
  81  14:56  Stalker x3  
  81  14:57  Stalker x4  
  81  14:58  Stalker x3  
  81  14:59  Stalker x3  
  65  15:49  Stalker  
  67  15:50  Stalker x3  
  64  16:21  Stalker x2  
  64  16:22  Stalker x3  
  74  16:40  Stalker  
  74  16:41  Stalker x2  
  74  16:42  Stalker  
  82  17:04  Protoss Ground Weapons Level 3  
  68  17:21  Protoss Shields Level 3  
  64  17:33  Stalker x3  
  64  17:34  Stalker x2  
  64  17:35  Stalker x3  
  64  17:36  Stalker  
  66  18:39  Probe x3  
  69  18:48  Pylon  
  69  18:51  Probe  
  69  18:52  Pylon  
  70  18:56  Pylon  
  43  19:57  Assimilator  
  36  20:06  Zealot x3  
  42  20:07  Zealot x4  
  42  20:08  Zealot x4  
Tags
 
Add a new tag
Caveats
  • Supply blocks, unpowered buildings, or Contaminate may cause inaccurate times.
  • Supply counts are checked every 10 seconds.